 Dungeon Crawl Stone Soup version 0.13.0-18-g7b03ea5 (webtiles) character file.

194 MDvedh the Archer (level 4, 0/36 HPs)
             Began as a Centaur Hunter on Oct 22, 2013.
             Slain by Stormphoenix's ghost (9 damage)
             ... on Level 3 of the Dungeon.
             The game lasted 00:05:11 (2189 turns).

MDvedh the Archer (Centaur Hunter)                  Turns: 2189, Time: 00:05:13

HP   0/36        AC  6     Str 16      XL: 4   Next: 57%
MP   2/2         EV  7     Int 10      God:
Gold 87          SH  0     Dex 14      Spells:  0 memorised,  3 levels left

Res.Fire  : . . .   See Invis. : .   j - +0,+1 short sword (holy)
Res.Cold  : + . .   Warding    : .   r - +0 ring mail
Life Prot.: . . .   Conserve   : .   (no shield)
Res.Poison: .       Res.Corr.  : .   (no helmet)
Res.Elec. : .       Clarity    : .   s - +0 cloak
Sust.Abil.: . .     Spirit.Shd : .   (no gloves)
Res.Mut.  : .       Stasis     : .   (no barding)
Res.Rott. : .       Flight     : .   (no amulet)
Saprovore : . . .                    i - ring of protection from cold {unknown}
                                     o - +5 ring of dexterity

@: very quick, slightly resistant to hostile enchantments, extremely unstealthy
A: hooves 3, deformed body, herbivore 1, speed 2, fast metabolism 1, tough skin
3
a: no special abilities


You were on level 3 of the Dungeon.
You were not hungry.

You visited 1 branch of the dungeon, and saw 3 of its levels.

You collected 67 gold pieces.

Inventory:

Hand weapons
 a - a +0,+0 short sword
 b - a +1,+1 bow
 j - a +0,+1 short sword of holy wrath (weapon)
Missiles
 c - 15 arrows
 k - 10 arrows of frost
Armour
 r - a +0 ring mail (worn)
 s - a +0 cloak (worn)
Magical devices
 n - a wand of frost (10) {unknown}
Comestibles
 f - 5 bread rations
Scrolls
 e - a scroll of enchant weapon II {unknown}
 g - a scroll of remove curse {unknown}
 m - a scroll of amnesia {unknown}
 p - a scroll of identify {unknown}
 q - a scroll of teleportation {unknown}
Jewellery
 i - a ring of protection from cold (right hand) {unknown}
 o - a +5 ring of dexterity (left hand)
Potions
 d - a potion of restore abilities {unknown}
 h - 2 potions of heal wounds {unknown}
 l - a potion of paralysis {unknown}


   Skills:
 - Level 1.0 Fighting
 + Level 8.0 Bows
 - Level 1.3 Dodging
 - Level 0.5 Stealth


You had 3 spell levels left.
You didn't know any spells.

Dungeon Overview and Level Annotations

Branches:
Dungeon (3/27)

Altars:

Annotations:
D:3 Stormphoenix's ghost, average DsFi


Innate Abilities, Weirdness & Mutations

You have hooves in place of feet.
Armour fits poorly on your strangely shaped body.
You digest meat inefficiently.
You cover ground very quickly.
You have a fast metabolism.
You have extremely tough skin (AC +3).


Message History

Aim: Stormphoenix's ghost (almost destroyed)
You shoot an arrow. The arrow hits Stormphoenix's ghost.
Stormphoenix's ghost is almost destroyed.
Stormphoenix's ghost barely misses you.
Firing (i - inventory. (,) - cycle):
c - 16 arrows (quivered)
Press: ? - help, Shift-Dir - straight line, f/p - Stormphoenix's ghost
Aim: Stormphoenix's ghost (almost destroyed)
You shoot an arrow. The arrow hits Stormphoenix's ghost.
Stormphoenix's ghost is almost destroyed.
Stormphoenix's ghost closely misses you.
Wield which item (- for none, * to show all)? (? for menu, Esc to quit)
It softly glows with a divine radiance!
j - an uncursed short sword of holy wrath (weapon)
You hit Stormphoenix's ghost but do no damage.
You kick Stormphoenix's ghost.
Stormphoenix's ghost is almost destroyed.
Stormphoenix's ghost hits you!
* * * LOW HITPOINT WARNING * * *
Stormphoenix's ghost hits you!
You die...

##...# #.# #....#
#.# ##..## #.#
##....## #(#
♣♣....♣♣####(####
♣♣♣...♣♣#..<....#
♣♣♣♣.♣♣♣##....(.#
♣♣♣♣.♣♣ #.....p#
♣♣♣.♣♣♣ #...).@#
♣♣♣.♣♣♣ ########
♣♣.♣♣♣ ##.##♣
#...# #...# #)..#
#####


You could see Stormphoenix's ghost.

Vanquished Creatures
  Crazy Yiuf (D:3)
  3 adders (D:2)
  A worm (D:2)
  2 oozes (D:1)
  An orc (D:3)
  3 bats
  4 giant cockroaches
  7 hobgoblins
  A quokka (D:2)
  A giant newt (D:2)
  6 goblins
  3 jackals (D:1)
  7 kobolds
  2 rats
42 creatures vanquished.

Notes
Turn   | Place    | Note
--------------------------------------------------------------
     0 | D:1      | MDvedh, the Centaur Hunter, began the quest for the Orb.
     0 | D:1      | Reached XP level 1. HP: 17/17 MP: 0/0
   546 | D:1      | Reached XP level 2. HP: 21/24 MP: 1/1
   599 | D:1      | Reached skill level 6 in Bows
  1298 | D:2      | Reached XP level 3. HP: 29/29 MP: 2/2
  1381 | D:2      | Reached skill level 7 in Bows
  1822 | D:2      | Reached XP level 4. HP: 34/36 MP: 2/2
  2046 | D:3      | Noticed Crazy Yiuf
  2071 | D:3      | Killed Crazy Yiuf
  2071 | D:3      | Reached skill level 8 in Bows
  2133 | D:3      | Noticed Stormphoenix's ghost (average DsFi)
  2189 | D:3      | Slain by Stormphoenix's ghost

Action                   |  1- 3 |  4- 6 || total
-------------------------+-------+-------++-------
Melee: Short sword       |    88 |    38 ||   126
 Fire: Bow               |    15 |    31 ||    46
